General information
- name: BNet
- type: Ladder team game (AT/RT)
- host: Battle.net
- saver: FatManInLilCoat
map: Deadlands
- players: 8
- length: 30:45
- speed: Fast
- version: 1.27 W3XP
- replay type: Public
» download(214 KB)
Players
team 1 (winner)
PENlS_BOY22 (
pink | 18 APM | 278 actions | 15:38)
2 Tauren Chieftain
1 Endurance Aura
1 Shockwave
» actions
| Assign group hotkey | 4 | |
| Basic commands | 2 | |
| Build / train | 24 | |
| Enter build submenu | 11 | |
| Enter hero's abilities submenu | 2 | |
| Remove unit from queue | 1 | |
| Right click | 123 | |
| Select / deselect | 98 | |
| Use ability | 13 | |
278 total
» units
» upgrades
| Melee Weapons | 2 | |
| Armor | 1 | |
| Pulverize | 1 | |
4 total
» buildings
| Stronghold | 1 | |
| Altar of Storms | 1 | |
| Orc Burrow | 5 | |
| War Mill | 1 | |
| Fortress | 1 | |
| Tauren Totem | 3 | |
12 total
» build order
02:41 Stronghold
03:25 Altar of Storms
03:29 Orc Burrow
04:37 War Mill
05:16 Fortress
10:08 Tauren Totem
10:10 Tauren Totem
10:12 Tauren Totem
10:15 Orc Burrow
10:17 Orc Burrow
10:19 Orc Burrow
10:21 Orc Burrow

»
reus (
purple | 127 APM | 3914 actions | 30:44)
6 Priestess of the Moon
3 Trueshot Aura
2 Searing Arrows
1 Starfall
6 Dark Ranger
3 Black Arrow
2 Silence
1 Charm
5 Keeper of the Grove
3 Entangling Roots
2 Thorns Aura
4 Tauren Chieftain
1 Shockwave
2 Endurance Aura
1 Reincarnation
» actions
| Assign group hotkey | 668 | |
| Build / train | 156 | |
| ESC pressed | 6 | |
| Enter build submenu | 22 | |
| Enter hero's abilities submenu | 24 | |
| Give item / drop item | 2 | |
| Remove unit from queue | 22 | |
| Right click | 1596 | |
| Select / deselect | 636 | |
| Select group hotkey | 669 | |
| Use ability | 113 | |
3914 total
» units
| Wisp | 23 | |
| Archer | 15 | |
| Huntress | 4 | |
| Druid of the Talon | 11 | |
| Dryad | 9 | |
| Faerie Dragon | 6 | |
| Tauren | 4 | |
| Druid of the Claw | 2 | |
| Mountain Giant | 1 | |
75 total
» upgrades
| Strength of the Moon | 3 | |
| Improved Bows | 1 | |
| Abolish Magic | 1 | |
| Druid of the Talon Training | 2 | |
| Strength of the Wild | 1 | |
| Moon Armor | 2 | |
| Marksmanship | 1 | |
| Nature's Blessing | 1 | |
| Druid of the Claw Training | 2 | |
| Armor | 1 | |
| Mark of the Claw | 1 | |
| Reinforced Hides | 1 | |
17 total
» buildings
| Moon Well | 8 | |
| Altar of Elders | 1 | |
| Ancient of War | 2 | |
| Tree of Ages | 4 | |
| Hunter's Hall | 1 | |
| Ancient of Wonders | 1 | |
| Tree of Life | 4 | |
| Ancient of Wind | 1 | |
| Ancient of Lore | 2 | |
| Tree of Eternity | 5 | |
29 total
» build order
00:35 Moon Well
00:43 Altar of Elders
01:14 Ancient of War
01:26 Moon Well
02:22 Moon Well
03:04 Tree of Ages
03:05 Tree of Ages
03:09 Hunter's Hall
04:02 Ancient of War
04:05 Moon Well
05:13 Moon Well
05:17 Ancient of Wonders
06:52 Tree of Life
07:03 Ancient of Wind
07:07 Ancient of Lore
07:14 Moon Well
13:36 Tree of Eternity
13:37 Tree of Eternity
13:37 Tree of Eternity
14:33 Tree of Life
17:05 Moon Well
17:36 Moon Well
19:41 Ancient of Lore
28:16 Tree of Life
28:19 Tree of Life
» items
| Scroll of Town Portal | 1 | |
| Potion of Healing | 1 | |
2 total
FatManInLilCoat (
green | 87 APM | 2665 actions | 30:45)
9 Warden
3 Fan of Knives
3 Blink
3 Shadow Strike
» actions
| Assign group hotkey | 127 | |
| Basic commands | 24 | |
| Build / train | 101 | |
| Enter build submenu | 64 | |
| Enter hero's abilities submenu | 9 | |
| Give item / drop item | 5 | |
| Remove unit from queue | 2 | |
| Right click | 1565 | |
| Select / deselect | 294 | |
| Select group hotkey | 208 | |
| Use ability | 266 | |
2665 total
» units
| Wisp | 58 | |
| Archer | 8 | |
| Goblin Shredder | 4 | |
70 total
» upgrades
| Ultravision | 1 | |
| Well Spring | 1 | |
| Armor | 1 | |
| Melee Weapons | 1 | |
| Nature's Blessing | 1 | |
5 total
» buildings
| Altar of Elders | 1 | |
| Moon Well | 53 | |
| Ancient of War | 1 | |
| Hunter's Hall | 1 | |
| Tree of Life | 5 | |
| Ancient Protector | 21 | |
| Tree of Ages | 1 | |
| Ancient of Wonders | 1 | |
| Tree of Eternity | 1 | |
| Spirit Lodge | 3 | |
| Orc Burrow | 3 | |
| Voodoo Lounge | 1 | |
92 total
» build order
00:14 Altar of Elders
00:24 Moon Well
00:48 Ancient of War
01:39 Moon Well
02:04 Moon Well
02:36 Moon Well
03:37 Moon Well
03:59 Hunter's Hall
04:48 Moon Well
05:29 Tree of Life
05:35 Ancient Protector
05:35 Ancient Protector
05:36 Ancient Protector
05:46 Ancient Protector
05:59 Ancient Protector
06:28 Ancient Protector
06:49 Moon Well
07:33 Tree of Ages
07:36 Moon Well
10:04 Ancient of Wonders
10:17 Moon Well
10:17 Moon Well
10:18 Moon Well
10:19 Moon Well
10:19 Moon Well
10:20 Moon Well
12:30 Tree of Eternity
12:36 Moon Well
12:38 Moon Well
12:38 Moon Well
12:38 Moon Well
12:39 Moon Well
12:39 Moon Well
12:40 Moon Well
12:40 Moon Well
12:41 Moon Well
13:22 Moon Well
15:57 Spirit Lodge
15:57 Spirit Lodge
16:00 Orc Burrow
16:05 Orc Burrow
16:07 Orc Burrow
16:21 Ancient Protector
16:25 Ancient Protector
16:25 Ancient Protector
16:26 Ancient Protector
16:26 Ancient Protector
16:31 Moon Well
16:31 Moon Well
16:32 Moon Well
16:32 Moon Well
16:33 Moon Well
16:33 Moon Well
17:19 Moon Well
17:19 Moon Well
17:20 Moon Well
17:20 Moon Well
17:21 Moon Well
17:21 Moon Well
17:22 Moon Well
17:22 Moon Well
17:23 Moon Well
17:23 Moon Well
17:24 Moon Well
17:24 Moon Well
17:25 Moon Well
17:25 Moon Well
17:26 Moon Well
17:26 Moon Well
17:27 Moon Well
17:27 Moon Well
17:28 Moon Well
19:30 Spirit Lodge
19:31 Voodoo Lounge
21:10 Tree of Life
22:07 Ancient Protector
22:08 Ancient Protector
22:08 Ancient Protector
22:09 Ancient Protector
22:10 Ancient Protector
22:10 Ancient Protector
24:50 Ancient Protector
24:57 Ancient Protector
25:10 Ancient Protector
25:58 Ancient Protector
27:41 Tree of Life
27:46 Tree of Life
29:25 Tree of Life
» items
| Scroll of Town Portal | 2 | |
| Potion of Healing | 2 | |
| Potion of Mana | 1 | |
| Staff of Teleportation | 1 | |
| Boots of Speed | 1 | |
| Periapt of Vitality | 1 | |
| Potion of Lesser Invulnerability | 1 | |
| Potion of Invisibility | 1 | |
| Circlet of Nobility | 1 | |
| Orb of Venom | 1 | |
12 total

»
cobra7987 (
blue | 40 APM | 1227 actions | 30:44)
6 Blademaster
2 Wind Walk
3 Critical Strike
1 Bladestorm
4 Shadow Hunter
2 Healing Wave
2 Hex
4 Tauren Chieftain
2 War Stomp
2 Endurance Aura
» actions
| Assign group hotkey | 8 | |
| Basic commands | 3 | |
| Build / train | 117 | |
| Enter build submenu | 28 | |
| Enter hero's abilities submenu | 14 | |
| Give item / drop item | 1 | |
| Right click | 314 | |
| Select / deselect | 136 | |
| Select group hotkey | 505 | |
| Use ability | 101 | |
1227 total
» units
| Peon | 21 | |
| Shaman | 33 | |
| Wind Rider | 21 | |
| Tauren | 6 | |
81 total
» upgrades
| Shaman Training | 2 | |
| Ranged Weapons | 3 | |
| Armor | 3 | |
| Envenomed Spears | 1 | |
9 total
» buildings
| Altar of Storms | 1 | |
| Orc Burrow | 8 | |
| War Mill | 1 | |
| Voodoo Lounge | 4 | |
| Watch Tower | 10 | |
| Stronghold | 1 | |
| Great Hall | 1 | |
| Spirit Lodge | 1 | |
| Beastiary | 1 | |
| Fortress | 1 | |
29 total
» build order
00:16 Altar of Storms
00:18 Orc Burrow
01:15 War Mill
01:26 Voodoo Lounge
02:12 Orc Burrow
02:55 Watch Tower
02:58 Watch Tower
04:40 Stronghold
04:43 Orc Burrow
04:45 Orc Burrow
05:11 Watch Tower
05:14 Watch Tower
05:34 Great Hall
06:10 Watch Tower
06:31 Watch Tower
06:35 Watch Tower
06:40 Orc Burrow
06:42 Orc Burrow
06:46 Voodoo Lounge
06:49 Voodoo Lounge
08:23 Watch Tower
08:27 Watch Tower
08:38 Spirit Lodge
08:57 Beastiary
09:21 Watch Tower
10:29 Fortress
13:25 Orc Burrow
13:29 Orc Burrow
16:02 Voodoo Lounge
» items
| Healing Salve | 1 | |
| Lesser Clarity Potion | 1 | |
| Scroll of Speed | 1 | |
| Orb of Lightning | 3 | |
| Scroll of Town Portal | 2 | |
8 total
team 2 (loser)

»
mag1cian (
yellow | 42 APM | 1047 actions | 25:03)
5 Death Knight
3 Death Coil
2 Unholy Aura
2 Dreadlord
1 Sleep
1 Vampiric Aura
» actions
| Basic commands | 9 | |
| Build / train | 71 | |
| Enter build submenu | 29 | |
| Enter hero's abilities submenu | 7 | |
| Give item / drop item | 2 | |
| Right click | 560 | |
| Select / deselect | 309 | |
| Use ability | 60 | |
1047 total
» units
| Acolyte | 9 | |
| Ghoul | 6 | |
| Crypt Fiend | 17 | |
| Frost Wyrm | 9 | |
41 total
» upgrades
| Creature Carapace | 2 | |
| Web | 1 | |
| Burrow | 1 | |
| Creature Attack | 2 | |
6 total
» buildings
| Crypt | 2 | |
| Ziggurat | 12 | |
| Altar of Darkness | 1 | |
| Graveyard | 1 | |
| Tomb of Relics | 2 | |
| Nerubian Tower | 1 | |
| Halls of the Dead | 1 | |
| Black Citadel | 1 | |
| Spirit Tower | 4 | |
| Necropolis | 1 | |
| Sacrificial Pit | 1 | |
| Boneyard | 2 | |
29 total
» build order
01:17 Crypt
01:19 Ziggurat
01:23 Altar of Darkness
01:32 Graveyard
01:35 Ziggurat
01:41 Tomb of Relics
02:26 Ziggurat
02:27 Nerubian Tower
04:10 Crypt
04:42 Halls of the Dead
07:25 Black Citadel
07:31 Ziggurat
08:51 Ziggurat
09:19 Ziggurat
09:50 Ziggurat
11:06 Spirit Tower
11:09 Ziggurat
11:12 Necropolis
11:17 Ziggurat
11:30 Ziggurat
11:33 Ziggurat
12:24 Spirit Tower
12:28 Spirit Tower
13:15 Sacrificial Pit
13:40 Ziggurat
13:46 Tomb of Relics
15:40 Boneyard
15:44 Boneyard
16:20 Spirit Tower
» items
| Rod of Necromancy | 1 | |
| Dust of Appearance | 1 | |
| Sacrificial Skull | 1 | |
| Scroll of Town Portal | 3 | |
| Potion of Healing | 1 | |
7 total

»
helltaskellta (
orange | 48 APM | 1285 actions | 26:55)
5 Death Knight
3 Death Coil
2 Unholy Aura
» actions
| Assign group hotkey | 21 | |
| Basic commands | 80 | |
| Build / train | 78 | |
| Enter build submenu | 23 | |
| Enter hero's abilities submenu | 5 | |
| Remove unit from queue | 3 | |
| Right click | 658 | |
| Select / deselect | 303 | |
| Select group hotkey | 52 | |
| Use ability | 62 | |
1285 total
» units
| Acolyte | 15 | |
| Ghoul | 3 | |
| Crypt Fiend | 16 | |
| Goblin Shredder | 1 | |
| Draenei Disciple | 1 | |
| Necromancer | 3 | |
| Gargoyle | 5 | |
44 total
» upgrades
| Creature Attack | 3 | |
| Web | 1 | |
| Burrow | 0 | |
| Creature Carapace | 1 | |
| Necromancer Training | 1 | |
| Skeletal Longevity | 1 | |
| Skeletal Mastery | 1 | |
| Disease Cloud | 1 | |
9 total
» buildings
| Graveyard | 1 | |
| Crypt | 2 | |
| Ziggurat | 13 | |
| Altar of Darkness | 1 | |
| Halls of the Dead | 2 | |
| Tomb of Relics | 1 | |
| Black Citadel | 1 | |
| Temple of the Damned | 1 | |
| Slaughterhouse | 1 | |
| Spirit Tower | 8 | |
| Necropolis | 1 | |
| Nerubian Tower | 3 | |
35 total
» build order
00:18 Graveyard
00:27 Crypt
00:31 Ziggurat
01:05 Altar of Darkness
01:26 Ziggurat
02:17 Ziggurat
04:12 Ziggurat
04:28 Halls of the Dead
06:38 Tomb of Relics
08:37 Black Citadel
09:57 Ziggurat
10:03 Ziggurat
10:14 Temple of the Damned
10:19 Slaughterhouse
13:39 Spirit Tower
13:39 Spirit Tower
15:50 Necropolis
16:42 Nerubian Tower
16:43 Nerubian Tower
17:36 Halls of the Dead
21:16 Crypt
21:49 Ziggurat
21:52 Ziggurat
21:53 Ziggurat
21:56 Ziggurat
21:57 Ziggurat
21:59 Ziggurat
22:01 Ziggurat
22:46 Spirit Tower
22:47 Spirit Tower
22:49 Spirit Tower
22:50 Spirit Tower
22:51 Spirit Tower
22:52 Spirit Tower
22:54 Nerubian Tower
» items
| Orb of Corruption | 1 | |
| Dust of Appearance | 1 | |
2 total
sIlkworm (
teal | 63 APM | 1931 actions | 30:44)
4 Archmage
2 Summon Water Elemental
2 Brilliance Aura
2 Naga Sea Witch
1 Forked Lightning
1 Frost Arrows
2 Paladin
1 Devotion Aura
1 Divine Shield
» actions
| Basic commands | 106 | |
| Build / train | 183 | |
| Enter build submenu | 22 | |
| Enter hero's abilities submenu | 9 | |
| Give item / drop item | 3 | |
| Right click | 750 | |
| Select / deselect | 727 | |
| Use ability | 131 | |
1931 total
» units
| Peasant | 68 | |
| Footman | 14 | |
| Knight | 5 | |
| Siege Engine | 2 | |
| Gryphon Rider | 5 | |
| Priest | 1 | |
| Mortar Team | 1 | |
| Frost Wyrm | 1 | |
| Crypt Fiend | 5 | |
102 total
» upgrades
| Swords | 3 | |
| Plating | 3 | |
| Lumber Harvesting | 2 | |
| Masonry | 3 | |
| Gunpowder | 4 | |
| Armor | 6 | |
| Animal War Training | 1 | |
| Barrage | 1 | |
| Flare | 1 | |
| Fragmentation Shards | 1 | |
| Flying Machine Bombs | 1 | |
| Priest Training | 1 | |
| Magic Sentry | 1 | |
| Sorceress Training | 1 | |
| Storm Hammers | 1 | |
| Long Rifles | 1 | |
| Defend | 1 | |
| Control Magic | 1 | |
| Freezing Breath | 1 | |
34 total
» buildings
| Farm | 18 | |
| Altar of Kings | 1 | |
| Lumber Mill | 1 | |
| Scout Tower | 5 | |
| Barracks | 1 | |
| Arcane Tower | 2 | |
| Town Hall | 1 | |
| Keep | 1 | |
| Blacksmith | 2 | |
| Guard Tower | 2 | |
| Castle | 1 | |
| Arcane Sanctum | 1 | |
| Gryphon Aviary | 2 | |
| Workshop | 1 | |
| Arcane Vault | 1 | |
40 total
» build order
00:11 Farm
00:23 Altar of Kings
00:44 Lumber Mill
00:55 Scout Tower
01:24 Barracks
01:36 Arcane Tower
01:55 Farm
02:12 Farm
04:08 Town Hall
04:35 Farm
05:39 Scout Tower
05:40 Scout Tower
05:42 Scout Tower
05:42 Scout Tower
06:24 Keep
06:27 Blacksmith
06:30 Arcane Tower
06:36 Guard Tower
08:35 Farm
08:36 Farm
08:36 Farm
09:26 Guard Tower
09:29 Farm
09:32 Farm
09:33 Farm
09:33 Farm
09:35 Farm
11:15 Castle
11:25 Farm
11:25 Farm
11:26 Farm
11:26 Farm
11:27 Farm
11:27 Farm
11:48 Blacksmith
14:10 Arcane Sanctum
14:16 Gryphon Aviary
14:20 Gryphon Aviary
14:24 Workshop
15:47 Arcane Vault
» items
| Healing Salve | 2 | |
| Lesser Clarity Potion | 2 | |
| Scroll of Speed | 1 | |
| Potion of Lesser Invulnerability | 4 | |
| Scroll of Healing | 1 | |
| Tiny Great Hall | 3 | |
| Orb of Lightning | 2 | |
| Potion of Healing | 2 | |
| Scroll of Town Portal | 4 | |
| Rod of Necromancy | 1 | |
| Scroll of Regeneration | 2 | |
| Orb of Fire | 1 | |
| Potion of Invisibility | 3 | |
| Staff of Teleportation | 1 | |
| Boots of Speed | 1 | |
30 total
aliendevilshoot (
red | 71 APM | 1877 actions | 26:19)
5 Blademaster
3 Wind Walk
2 Critical Strike
4 Shadow Hunter
2 Healing Wave
2 Hex
» actions
| Assign group hotkey | 28 | |
| Build / train | 75 | |
| Enter build submenu | 11 | |
| Enter hero's abilities submenu | 10 | |
| Give item / drop item | 3 | |
| Remove unit from queue | 1 | |
| Right click | 712 | |
| Select / deselect | 255 | |
| Select group hotkey | 702 | |
| Use ability | 80 | |
1877 total
» units
| Peon | 10 | |
| Grunt | 5 | |
| Tauren | 9 | |
| Troll Witch Doctor | 11 | |
| Shaman | 3 | |
38 total
» upgrades
| Witch Doctor Training | 2 | |
| Melee Weapons | 3 | |
| Pulverize | 1 | |
| Shaman Training | 2 | |
| Armor | 1 | |
9 total
» buildings
| Altar of Storms | 1 | |
| Barracks | 2 | |
| Voodoo Lounge | 1 | |
| Orc Burrow | 10 | |
| War Mill | 2 | |
| Stronghold | 1 | |
| Fortress | 1 | |
| Spirit Lodge | 1 | |
| Tauren Totem | 2 | |
21 total
» build order
00:37 Altar of Storms
00:41 Barracks
00:46 Voodoo Lounge
00:55 Orc Burrow
00:56 Orc Burrow
00:57 Orc Burrow
00:59 Orc Burrow
01:00 Orc Burrow
01:04 Orc Burrow
01:23 War Mill
01:56 Barracks
03:23 Stronghold
04:39 War Mill
05:48 Fortress
07:05 Spirit Lodge
08:49 Tauren Totem
08:51 Tauren Totem
11:03 Orc Burrow
11:04 Orc Burrow
11:07 Orc Burrow
13:17 Orc Burrow
» items
| Healing Salve | 1 | |
| Scroll of Town Portal | 2 | |
| Potion of Mana | 1 | |
| Potion of Healing | 1 | |
| Orb of Lightning | 4 | |
9 total
Chat log
(00:20 / Allies) PENlS_BOY22: FAT MAN IN A LITTLE COAT !!
(00:23 / Allies) cobra7987: tower the walk ways?
(00:28 / Allies) reus: no
(01:01 / Allies) reus: arch hunt to start
(05:41 / Allies) PENlS_BOY22: EXPAND
(05:48 / Allies) cobra7987: i am
(05:54 / Allies) PENlS_BOY22: PURPLE
(05:55 / Allies) PENlS_BOY22: EXPAND
(05:56 / Allies) reus: about to
(05:57 / Allies) cobra7987: oh my bad
(06:52 / Allies) cobra7987: going sham air
(07:01 / Allies) cobra7987: anyone spare a little lumber
(08:16 / Allies) reus: they gonna hit soon
(08:22 / Allies) reus: meet
(08:23 / Allies) reus: now
(08:23 / Allies) reus: now
(08:40 / Allies) reus: come now
(08:43 / Allies) reus: or tp
(08:48 / Allies) reus: when they hit
(08:56 / Allies) reus: pink
(08:58 / Allies) reus: has 4k gold
(09:00 / Allies) reus: 1k wood
(09:21 / Allies) reus: we lost
(09:27 / Allies) FatManInLilCoat: keep playing
(09:35 / Allies) FatManInLilCoat: can I get resources pink
(09:38 / Allies) cobra7987: nothing has happened yet what you mean we lost
(09:58 / Allies) reus: go
(10:01 / Allies) reus: we need green
(10:04 / Allies) cobra7987: bring them to towers
(10:09 / Allies) reus: we need you to have units
(10:11 / Allies) reus: you have expo wtf
(10:26 / Allies) reus: go blue
(10:57 / Allies) reus: fucking hell ble
(11:26 / Allies) reus: go
(12:21 / Allies) reus: 4 archer green
(12:23 / Allies) PENlS_BOY22: counter
(12:24 / Allies) PENlS_BOY22: hit their expos
(12:33 / Allies) cobra7987: grabbing orbs then im going
(12:42 / Allies) PENlS_BOY22: all come together
(13:14 / Allies) cobra7987: im coming
(13:25 / Allies) PENlS_BOY22: hurry
(13:57 / Allies) reus: pink lead
(15:17 / Allies) PENlS_BOY22: b
(15:22 / Allies) cobra7987: b
(15:42 / Allies) reus: wtf
(15:45 / Allies) cobra7987: we got htis
(15:45 / Allies) FatManInLilCoat: lawl
(15:46 / Allies) FatManInLilCoat: good
(15:47 / Allies) FatManInLilCoat: he sucks
(15:49 / Allies) reus: yesh
(15:52 / Allies) reus: we gt this
(15:54 / Allies) reus: he was shit
(15:58 / Allies) cobra7987: meet recoup
(16:29 / Allies) reus: dont engage
(16:31 / Allies) reus: not alone
(16:36 / Allies) cobra7987: engage at expo
(16:38 / Allies) cobra7987: use towers
(16:48 / Allies) FatManInLilCoat: someone take
(17:41 / Allies) reus: lets gon ow
(17:42 / Allies) reus: we got this
(17:54 / Allies) reus: wanna save?
(17:57 / Allies) reus: its good to have
(18:03 / Allies) reus: expo on their side
(18:08 / Allies) reus: tp?
(18:24 / Allies) reus: go
(19:08 / Allies) FatManInLilCoat: back?
(19:14 / Allies) reus: together
(19:30 / Allies) cobra7987: fight
(19:30 / Allies) reus: ye
(19:31 / Allies) reus: back
(19:32 / Allies) reus: no
(19:33 / Allies) reus: bak
(19:34 / Allies) reus: back
(19:49 / Allies) cobra7987: then someone else take pink im not doing it
(19:54 / Allies) reus: green
(19:58 / Allies) reus: make fucking units
(21:17 / Allies) cobra7987: counter now
(22:05 / Allies) reus: now
(22:17 / Allies) cobra7987: gogogog
(22:20 / Allies) reus: fuckng green
(26:20 / All) cobra7987: bye bitch
(29:27 / All) cobra7987: please just leave
(30:06 / Allies) reus: gj blue
(30:10 / Allies) cobra7987: thanks